 Dungeon Crawl Stone Soup version 0.30-a0-782-ge64f9170bb (webtiles) character file.

Game seed: 16208029696591044485

723 Gargoyl the Chopper (level 7, 0/39 HPs)
             Began as a Gargoyle Berserker on Feb 21, 2023.
             Was a Priest of Trog.
             Slain by a gnoll
             ... wielding a +0 whip
             ... led by a gnoll sergeant
              (3 damage)
             ... on level 5 of the Dungeon.
             The game lasted 00:05:07 (3357 turns).

Gargoyl the Chopper (Gargoyle Berserker)            Turns: 3357, Time: 00:05:08

Health: 0/39       AC: 15    Str: 24    XL:     7   Next: 71%
Magic:  7/7        EV:  8    Int:  7    God:    Trog [***...]
Gold:   197        SH:  3    Dex: 10    Spells: 6/6 levels left

rFire   . . .      SeeInvis .    o - +1 falchion (freeze)
rCold   . . .      Faith    .    f - +0 buckler
rNeg    + . .      Spirit   .    l - +0 chain mail
rPois   ∞          Reflect  .    (no helmet)
rElec   +          Harm     .    (no cloak)
rCorr   .          Rampage  .    b - +0 pair of gloves
Will    .....                    (no boots) Stlth
                                 (no amulet)
HPRegen 0.26/turn                (no ring)
MPRegen 0.10/turn                (no ring)

@: on berserk cooldown, slowed, very slow
A: sickness immunity, AC +4, negative energy resistance 1, electricity
resistance, torment resistance 1, petrification resistance, frail 1, strong 1
a: Renounce Religion, Berserk, Trog's Hand


You were on level 5 of the Dungeon.
You worshipped Trog.
Trog was most pleased with you.
You visited 1 branch of the dungeon, and saw 5 of its levels.

You collected 227 gold pieces.
You spent 30 gold pieces at shops.

Inventory:

Hand Weapons
 a - a +0 hand axe
 o - a +1 falchion of freezing (weapon)
Armour
 b - a +0 pair of gloves (worn)
 f - a +0 buckler (worn)
 l - a +0 chain mail (worn)
Scrolls
 h - a scroll of teleportation
 j - 4 scrolls of identify
 n - a scroll of noise {unknown}
Potions
 c - a potion of mutation
 d - a potion of magic {unknown}
 e - 3 potions of curing {unknown}
 g - 3 potions of heal wounds {unknown}
 i - a potion of brilliance {unknown}
 k - a potion of attraction {unknown}
 m - a potion of invisibility {unknown}


   Skills:
 + Level 5.0 Fighting
 + Level 5.8 Axes
 + Level 4.1 Armour
 + Level 2.7 Dodging
 + Level 2.0 Stealth
 + Level 1.2 Shields


You had 6 spell levels left.
You didn't know any spells.
Your spell library was empty.

Dungeon Overview and Level Annotations

Branches:
Dungeon (5/15)             Temple (0/1) D:5

Altars:
Cheibriados

Shops:
D:1 ?   D:3 =

Annotations:
D:5 1 transporter, fly's ghost, novice DgDe


Innate Abilities, Weirdness & Mutations

You are immune to sickness and miasma.
Your stone body is resilient. (AC +4)
You are immune to poison.
You resist negative energy. (rN+)
You are resistant to electric shocks. (rElec)
You are resistant to unholy torment.
You are immune to petrification.
You are frail. (-10% HP)
Your muscles are strong. (Str +4, Int/Dex -1)


Message History

You closely miss the gnoll sergeant.
The gnoll sergeant is severely wounded.
The gnoll sergeant barely misses you.
You barely miss the gnoll sergeant.
The gnoll sergeant is severely wounded.
You feel the effects of Trog's Hand fading.
The gnoll sergeant hits you but does no damage.
You slash the gnoll sergeant! You freeze the gnoll sergeant.
You feel the power of Trog in you as your rage grows.
You kill the gnoll sergeant!
Trog accepts your kill.
Your Fighting skill increases to level 5!
Your Armour skill increases to level 4!
Things that are here:
a +0 trident; a +0 ring mail; a gnoll corpse You feel a strong urge to attack something.
The gnoll shouts!
You hear a shout!
The gnoll throws a throwing net.
The throwing net hits you.
You become entangled in the net!
Items here: ( ) [ †.
You struggle against the net.
You feel your anger nearly subside.
You are no longer berserk.
You are exhausted.
You feel yourself slow down.
You struggle against the net.
You struggle against the net.
Your skin stops crawling.
You feel less strong-willed.
A gnoll comes into view. It is wielding a +0 club.
You rip the net and break free!
The gnoll throws a throwing net.
The throwing net hits you.
You become entangled in the net!
You tear a large gash into the net.
You struggle against the net.
The gnoll barely misses you. The gnoll hits you with a +0 whip.
* * * LOW HITPOINT WARNING * * *
You shred the net and break free! The gnoll hits you with a +0 club!
* * * LOW HITPOINT WARNING * * *
The gnoll hits you but does no damage. The gnoll barely misses you.
The gnoll attacks as you move away! The gnoll barely misses you.
The gnoll hits you with a +0 whip.
You die...

......##.####.#
##.##.##.####.#
##.........##.#
#####.##.#.##.#
......##.#.##.####
########.........#
##### ###.#####.#
....# #.# #.#
....# # #@# ....#
#g### ....# #g..#
....# ##..# ....#
#...# ....# ##..#
#.### #...# #.#
#.#.## .)# ..#..#


You could see 2 gnolls.

Vanquished Creatures
  Sigmund (D:2)
  The ghost of 0netwelve the Chopper, an amateur HOMo (D:3)
  A necrophage (D:4)
  A gnoll sergeant (D:5)
  A howler monkey (D:4)
  An orc priest (D:4)
  An iguana (D:3)
  An orc wizard (D:4)
  A gnoll (D:5)
  5 adders
  2 ufetubi
  3 worms
  3 dart slugs
  13 orcs
  13 ball pythons
  8 bats
  6 endoplasms
  6 giant cockroaches
  6 goblins
  5 hobgoblins
  4 jackals (D:5)
  A frilled lizard (D:3)
  8 kobolds
  A rat (D:1)
93 creatures vanquished.

Notes
Turn   | Place    | Note
-------+----------+-------------------------------------------
     0 | D:1      | Gargoyl the Gargoyle Berserker began the quest for the Orb.
     0 | D:1      | Reached XP level 1. HP: 14/14 MP: 1/1
    96 | D:1      | Reached XP level 2. HP: 19/19 MP: 2/2
   259 | D:1      | Reached ** piety under Trog
   264 | D:1      | Reached XP level 3. HP: 24/24 MP: 3/3
   457 | D:1      | Found Osaunt's Magic Scroll Shoppe.
   463 | D:1      | Bought a scroll of teleportation for 30 gold pieces
   756 | D:2      | Noticed Sigmund
   855 | D:2      | Killed Sigmund
   856 | D:2      | Reached skill level 1 in Stealth
   856 | D:2      | Reached XP level 4. HP: 21/30 MP: 4/4
   856 | D:2      | Reached XP level 5. HP: 24/34 MP: 5/5
  1073 | D:2      | Found a faded altar of an unknown god.
  1170 | D:3      | Reached XP level 6. HP: 39/39 MP: 6/6
  1289 | D:3      | Found a runed translucent gate.
  1290 | D:3      | Found a runed translucent gate.
  1294 | D:3      | Found a runed translucent gate.
  1295 | D:3      | Noticed 0netwelve's ghost (amateur HOMo)
  1317 | D:3      | Killed 0netwelve's ghost
  1318 | D:3      | Reached skill level 5 in Axes
  1529 | D:3      | Found Huwneleb's Jewellery Shop.
  1602 | D:3      | Gained mutation: You are frail. (-10% HP) [potion of
                  | mutation]
  1602 | D:3      | Gained mutation: Your muscles are strong. (Str +4, Int/Dex
                  | -1) [potion of mutation]
  1907 | D:4      | Reached XP level 7. HP: 39/39 MP: 7/7
  2392 | D:4      | Found a snail-covered altar of Cheibriados.
  2400 | D:4      | Reached *** piety under Trog
  2621 | D:4      | Reached skill level 1 in Shields
  2890 | D:5      | Entered Level 5 of the Dungeon
  2949 | D:5      | Noticed fly's ghost (novice DgDe)
  2957 | D:5      | Found a transporter.
  3046 | D:5      | Found a staircase to the Ecumenical Temple.
  3347 | D:5      | Reached skill level 5 in Fighting
  3357 | D:5      | Slain by a gnoll

Illustrated notes

Levels and vault maps discovered:
D:1:      lemuel_arrival_river_ford, layout_loops_cross, serial_shops,
          nicolae_shop_statue_plus
D:2:      layout_basic, dreamdust_ecumenical_altar_angels_and_demons,
          uniq_sigmund
D:3:      layout_rooms, ebering_ghost_rock_garden, serial_shops, shop,
          serial_corexii_hall, corexii_hall_statues_t, corexii_hall_statues_s,
          minmay_strange_pillars
D:4:      layout_loops_corners, lemuel_crystal_altar
D:5:      layout_loops_cross, temple_statues, gammafunk_ghost_arena,
          minivault_14, st_stairs_13, ebering_dispersal_statue_hall,
          hangedman_abyss_or_decor_slice, hangedman_glass_teeth

Skill      XL: |  1  2  3  4  5  6  7 |
---------------+----------------------+-----
Axes           | 3 4 5 |  5.8
Fighting       | 4 5 |  5.0
Dodging        | 2 |  2.7
Stealth        | 1 2 |  2.0
Armour         | 4 |  4.1
Shields        | 1 |  1.2

Action                     |  1- 3 |  4- 6 |  7- 9 || total
---------------------------+-------+-------+-------++-------
  Melee: Hand axe          |    90 |    87 |   131 ||   308
         Falchion          |       |       |    21 ||    21
 Invoke: Berserk           |     1 |     4 |     2 ||     7
         Trog's Hand       |     1 |     3 |     1 ||     5
    Use: Scroll            |     2 |     3 |     2 ||     7
         Potion            |       |     1 |       ||     1
   Stab: Sleeping          |     2 |     1 |       ||     3
 Armour: Animal skin       |    48 |     5 |       ||    53
         Chain mail        |       |    40 |   121 ||   161
  Dodge: Dodged            |    71 |    26 |    72 ||   169
  Block: Buckler           |     2 |    13 |    28 ||    43

Table legend: (Time is in decaauts)
 A = Elapsed time spent in this place.
 B = Non-inter-level travel time spent in this place.
 C = Inter-level travel time spent in this place.
 D = Time resting spent in this place.
 E = Time spent auto-exploring this place.
 F = Levels seen in this place.
 G = Mean time per level.
                   A        B        C        D        E       F      G
               +--------+--------+--------+--------+--------+-----+--------+
         Total |   3462 |   3385 |     77 |    210 |   2254 |   5 |  692.4 |
       Dungeon |   3462 |   3385 |     77 |    210 |   2254 |   5 |  692.4 |
               +--------+--------+--------+--------+--------+-----+--------+

Top non-repeatable levels by time:
     D:4: 1103 daAuts
     D:1: 816 daAuts
     D:3: 689 daAuts
     D:5: 473 daAuts
     D:2: 380 daAuts
